 Dungeon Sprint DCSS version 0.27.1-1-g398f81649c (webtiles) character file.

Game seed: 1147136244651119323

304 ugugthedestroyer the Covered (level 5, -6/50 HPs)
             Began as a Demigod Fighter on Sept 7, 2021.
             Mangled by a vampire (8 damage)
             ... in the Dungeon (Sprint IX: "|||||||||||||||||||||||||||||").
             The game lasted 00:01:18 (157 turns).

ugugthedestroyer the Covered (Demigod Fighter)       Turns: 157, Time: 00:01:18

Health: -6/50      AC: 11    Str: 21    XL:     5   Next: 92%
Magic:  7/7        EV: 11    Int: 10    God:
Gold:   0          SH: 11    Dex: 16    Spells: 4/4 levels left

rFire    . . .     SeeInvis .   m - +2 scimitar (holy)
rCold    . . .     Faith    .   c - +0 kite shield
rNeg     . . .     Spirit   .   p - +1 scale mail
rPois    .         Reflect  .   (no helmet)
rElec    .         Harm     .   n - +0 cloak
rCorr    .         Rampage  .   (no gloves)
Will     .....     NoTele   +   o - +0 pair of boots
Stlth    ..........             (no amulet)
HPRegen  0.16/turn              q - +3 ring of dexterity
MPRegen  0.10/turn              r - +2 ring of evasion

@: very slightly contaminated, invisible
A: high mp 1, forlorn
a: no special abilities


You were in the Dungeon.
You visited 1 branch

Inventory:

Hand Weapons
 a - a +0 long sword
 m - a +2 scimitar of holy wrath (weapon)
Armour
 b - a +0 scale mail
 c - a +0 kite shield (worn)
 n - a +0 cloak (worn)
 o - a +0 pair of boots (worn)
 p - a +1 scale mail (worn)
Jewellery
 q - a +3 ring of dexterity (left hand)
 r - a +2 ring of evasion (right hand)
Wands
 l - a wand of iceblast (10)
Scrolls
 j - 2 scrolls of blinking
 k - 2 scrolls of amnesia
Potions
 d - a potion of might
 e - 5 potions of curing
 f - a potion of heal wounds
 g - a potion of haste
 h - 4 potions of magic


   Skills:
 + Level 6.0 Fighting
 + Level 6.1 Long Blades
 + Level 6.7 Armour
 + Level 1.6 Dodging
 + Level 6.4 Shields


You had 4 spell levels left.
You didn't know any spells.
Your spell library was empty.

Dungeon Overview and Level Annotations

Branches:
Dungeon (1/1)


Innate Abilities, Weirdness & Mutations

Your attributes grow dramatically as you level up.
You have an increased reservoir of magic. (+10% MP)
You shall have no god before yourself.


Message History

You hear some strange, mumbled words.
You are confused.
You slash something!
You hear some strange, mumbled words.
Something tries to affect you, but you resist.
You hear some strange, mumbled words.
Something tries to affect you, but you resist.
You bump into the unnaturally hard rock wall.
Something hits the vampire mosquito.
You closely miss something.
A magic dart appears from out of thin air!
The magic dart hits something.
You hear some strange, mumbled words.
Something tries to affect you, but you resist.
You hear a shout!
You bump into the unnaturally hard rock wall.
Something hits the vampire mosquito.
Something hits you.
* * * LOW HITPOINT WARNING * * *
Something bites you.
* * * LOW HITPOINT WARNING * * *
Something draws strength from your injuries!
You hear some strange, mumbled words.
Something tries to affect you, but you resist.
Something closely misses the vampire mosquito.
You feel much better.
You barely miss something.
You feel less confused. Something hits you!
* * * LOW HITPOINT WARNING * * *
Something bites you but does no damage.
You hit something.
* * * LOW HITPOINT WARNING * * *
Something hits you.
* * * LOW HITPOINT WARNING * * *
Something bites you but does no damage.
Something barely misses the vampire mosquito.
You closely miss something.
You hear a shout! x2
Something barely misses you. Something bites you!
You die... ▓▓▓▓▓▓▓▓▓▓▓▓▓▓▓▓▓▓▓▓▓▓▓▓▓ _______'..).....@'y{.Z..+ ▓▓▓▓▓▓▓▓▓▓▓▓▓▓▓▓▓▓▓▓▓▓▓▓▓

You could see a vampire mosquito and an adder zombie.

Vanquished Creatures
  A yak (D)
  A phantom (D)
  2 hounds (D)
  An adder (D)
  2 ball pythons (D)
  An endoplasm (D)
  A goblin (D)
  A jackal (D)
  A kobold (D)
11 creatures vanquished.

Notes
Turn   | Place    | Note
-------+----------+-------------------------------------------
     0 | D        | ugugthedestroyer the Demigod Fighter began the quest for
                  | the Orb.
     0 | D        | Reached XP level 1. HP: 18/18 MP: 3/3
    23 | D        | Noticed a hound
    23 | D        | Noticed a hound
    23 | D        | Noticed a phantom
    30 | D        | Killed a hound
    31 | D        | Reached XP level 2. HP: 27/27 MP: 4/4
    31 | D        | Reached XP level 3. HP: 33/33 MP: 5/5
    40 | D        | Killed a phantom
    41 | D        | Reached skill level 5 in Fighting
    41 | D        | Reached skill level 5 in Armour
    41 | D        | Reached skill level 5 in Shields
    41 | D        | Reached XP level 4. HP: 42/42 MP: 6/6
   124 | D        | Noticed a yak
   124 | D        | Noticed a vampire
   124 | D        | Noticed a vampire mosquito
   134 | D        | Killed a yak
   135 | D        | Reached skill level 1 in Dodging
   135 | D        | Reached XP level 5. HP: 36/50 MP: 7/7
   156 | D        | HP: 2/50 [something (5)]
   157 | D        | Mangled by a vampire

Illustrated notes

Levels and vault maps discovered:
D:        linesprint [early_d, line_temple, items_1, d_10, items_2, lair_1,
          lair_end, items_3, orc_1, orc_end, items_4, d_15, swamp_1, shoals_1,
          snake_1, spider_1, d_20, vaults_1, items_5, swamp_end, shoals_end,
          snake_end, spider_end, vaults_end, d_27, items_6, zot_1, zot_end,
          crypt_end, forest_end, elf_end, slime_end, tomb_end, abyss_end,
          pan_hell_end]

Skill      XL: |  1  2  3  4 |
---------------+-------------+-----
Fighting       | 4 5 6 |  6.0
Armour         | 4 5 6 |  6.7
Shields        | 4 5 6 |  6.4
Long Blades    | 2 4 6 |  6.1
Dodging        | 1 |  1.6

Action                   |  1- 3 |  4- 6 || total
-------------------------+-------+-------++-------
Melee: Long sword        |    29 |     8 ||    37
       Scimitar          |       |    26 ||    26
  Use: Potion            |     1 |     3 ||     4
Armor: Scale mail        |     7 |    20 ||    27
Dodge: Dodged            |    10 |    11 ||    21
Block: Kite shield       |    16 |    12 ||    28
       Rpst.: Long sword |     3 |       ||     3
